 Dungeon Crawl Stone Soup version 0.31-a0-365-gcf821cafb2 (webtiles) character file.

Game seed: 11833141505103189094

6827 lunkers the Martial Artist (level 11, -18/92 HPs)
             Began as a Meteoran Shapeshifter on July 27, 2023.
             Was an Elder of Trog.
             Killed from afar by a bog body (43 damage)
             ... with a bolt of cold
             ... on level 2 of the Lair of Beasts.
             The game lasted 00:12:13 (3424 turns).

lunkers the Martial Artist (Meteoran Shapeshifter)  Turns: 3424, Time: 00:12:14

Health: -18/92     AC:  4    Str: 17    XL:     11   Next: 49%
Magic:  12/12      EV: 17    Int: 10    God:    Trog [****..]
Gold:   373        SH:  0    Dex: 19    Spells: 10/10 levels left

rFire   + .          .
                       - Unarmed
rCold   . . .        (no shield)
rNeg    . . .        t - +2 robe {rF+}
rPois   .            (helmet currently unavailable)
rElec   .            (cloak currently unavailable)
rCorr   .            (gloves currently unavailable)
SInv    .            (boots currently unavailable)
Will    +....        d - amulet of the acrobat
Stlth   +            (no ring)
HPRegen 0.35/turn    (no ring)
MPRegen 0.13/turn

%: acrobat
@: beast-form, on berserk cooldown, slowed, glowing, very slow
A: beast (slay +5), sense surroundings 2, otherworldly, glowing, explore regen
a: Begin Untransformation, Renounce Religion, Berserk, Trog's Hand, Brothers in
Arms


You were on level 2 of the Lair of Beasts.
You worshipped Trog.
Trog was greatly pleased with you.
You were a hulking beast.
You visited 2 branches of the dungeon, and saw 10 of its levels.

You collected 373 gold pieces.

Inventory:

Missiles
 e - 2 throwing nets
Armour
 a - a +0 animal skin
 f - a +0 pair of gloves
 g - a +0 scale mail
 k - a +0 cloak
 t - a +2 robe of fire resistance (worn)
Jewellery
 d - an amulet of the acrobat (around neck)
 q - a ring of fire
 u - a ring of protection from cold
Talismans
 c - a beast talisman
Wands
 j - a wand of flame (19)
Scrolls
 h - a scroll of blinking
 m - a scroll of enchant weapon
 s - 3 scrolls of identify
 v - a scroll of revelation {unknown}
Potions
 b - 3 potions of lignification
 i - 2 potions of heal wounds
 l - 2 potions of curing
 n - 2 potions of haste
 o - 2 potions of enlightenment
 p - 2 potions of mutation
 r - a potion of berserk rage


   Skills:
 + Level 7.4 Fighting
 + Level 8.4 Dodging
 + Level 14.2 Unarmed Combat
 + Level 7.7 Shapeshifting


You had 10 spell levels left.
You didn't know any spells.
Your spell library was empty.

Dungeon Overview and Level Annotations

Branches:
Dungeon (8/15) Zot: 1679   Temple (0/1) D:4            Lair (2/5) D:8 Zot: 892
  Swamp (0/4) Lair:2
  Snake: Lair:2-3    Spider: Lair:2-3

Altars:
Cheibriados
Trog


Innate Abilities, Weirdness & Mutations

You are a hulking beast.
Your limbs bulge with bestial killing power. (Slay +5)
You passively map the area around you.
You are easily found by Zot.
You glow in the dark.
You regain HP and MP as you explore.


Message History

You hit the elephant.
The elephant is severely wounded.
The elephant misses you. The elephant completely misses you.
Unknown command.
You pummel the elephant!!
You kill the elephant!
Trog accepts your kill.
Unknown command.
Unknown command.
Found 22 gold pieces.
You feel a strong urge to attack something.
You are no longer berserk.
You are exhausted.
You feel yourself slow down.
Found a staircase to the Swamp.
A bog body comes into view.
The bog body casts a spell at you.
You easily resist.
You see here 22 gold pieces.
You now have 373 gold pieces (gained 22).
You are too injured to fight recklessly!
You are too injured to fight recklessly!
You are too injured to fight recklessly!
You are too injured to fight recklessly!
You are too injured to fight recklessly!
The bog body completely misses you. x2
You barely miss the bog body.
The bog body points at you and mumbles some strange words.
You feel as though you will be slow longer.
You punch the bog body!
The bog body is moderately damaged.
The bog body touches you!!
* * * LOW HITPOINT WARNING * * *
The bog body freezes you!
* * * LOW HITPOINT WARNING * * *
You pummel the bog body!!
The bog body is almost destroyed.
The bog body points at you and mumbles some strange words.
The bolt of cold hits you!!!
You die...

, ,, , , * .# ##...... ,
,♣~§..P........###.....†.
§§§♣.#..........#.#.....
,~§>§§§...........P.###...
, ♣§§§..............###..#
* §§♣................##..#
,,§§§................#.###
, #§#...............†.##.
,*#...nh.............#..
..#P...............#....
..................##P... *
,..................###...
..##.............## ##.. *
*.................# #..
*P.##..........#.## #...
*# #.##..#.###### ##.. *,
## ###### #...


You could see a bog body.

Vanquished Creatures
  A two-headed ogre (D:8)
  4 elephants (Lair:2)
  A black mamba (Lair:2)
  3 kobold demonologists (D:7)
  A rime drake (D:8)
  A polar bear (D:8)
  2 basilisks (Lair:1)
  A steam dragon (D:8)
  5 water moccasins
  4 ice beasts (D:8)
  A sky beast (D:6)
  4 centaurs
  2 kobold brigands
  3 bullfrogs
  12 wights
  A howler monkey (D:8)
  A jelly (D:5)
  An orc priest (D:4)
  A gnoll bouda (D:7)
  4 hounds
  2 sleepcaps (D:6)
  3 iguanas
  2 orc wizards
  7 gnolls
  6 adders
  A shadow imp (D:7)
  A white imp (D:6)
  A worm (D:4)
  3 dart slugs
  12 orcs
  3 bats
  6 endoplasms
  3 giant cockroaches
  7 goblins
  9 hobgoblins
  10 jackals
  A quokka (D:1)
  4 ball pythons
  4 frilled lizards
  11 kobolds
  7 rats
156 creatures vanquished.

Notes
Turn   | Place    | Note
-------+----------+-------------------------------------------
     0 | D:1      | lunkers the Meteoran Shapeshifter began the quest for the
                  | Orb.
     0 | D:1      | Reached XP level 1. HP: 16/16 MP: 2/2
    21 | D:1      | Reached skill level 4 in Unarmed Combat
    22 | D:1      | Reached XP level 2. HP: 18/23 MP: 3/3
   117 | D:1      | Found a faded altar of an unknown god.
   132 | D:1      | Prayed at the altar of an unknown god.
   132 | D:1      | Became a worshipper of Trog the Wrathful
   132 | D:1      | Reached * piety under Trog
   212 | D:1      | Reached XP level 3. HP: 26/28 MP: 4/4
   293 | D:2      | You fall into a shaft and drop 2 floors!
   307 | D:4      | Found a staircase to the Ecumenical Temple.
   356 | D:4      | Reached skill level 5 in Unarmed Combat
   453 | D:4      | Reached XP level 4. HP: 21/35 MP: 5/5
   455 | D:4      | Reached skill level 6 in Unarmed Combat
   455 | D:4      | Reached XP level 5. HP: 25/40 MP: 6/6
   542 | D:2      | Reached ** piety under Trog
   659 | D:2      | Reached skill level 7 in Unarmed Combat
   679 | D:2      | Reached XP level 6. HP: 30/47 MP: 7/7
   735 | D:3      | Found a snail-covered altar of Cheibriados.
  1076 | D:4      | Reached skill level 8 in Unarmed Combat
  1189 | D:5      | Entered Level 5 of the Dungeon
  1282 | D:5      | Reached XP level 7. HP: 48/52 MP: 8/8
  1422 | D:5      | Reached skill level 9 in Unarmed Combat
  1539 | D:6      | Reached *** piety under Trog
  1708 | D:6      | Reached skill level 10 in Unarmed Combat
  1708 | D:6      | Reached XP level 8. HP: 49/59 MP: 9/9
  2093 | D:7      | Noticed a kobold demonologist
  2094 | D:7      | Noticed a kobold demonologist
  2095 | D:7      | Noticed a kobold demonologist
  2096 | D:7      | Noticed an ice devil
  2099 | D:7      | Noticed a smoke demon
  2146 | D:7      | Noticed a chaos spawn
  2146 | D:7      | Noticed an ice devil
  2149 | D:7      | Noticed an orange demon
  2149 | D:7      | Noticed a smoke demon
  2151 | D:7      | Noticed a red devil
  2158 | D:7      | Noticed a red devil
  2161 | D:7      | Killed a kobold demonologist
  2162 | D:7      | Reached skill level 11 in Unarmed Combat
  2165 | D:7      | Killed a kobold demonologist
  2165 | D:7      | Noticed a chaos spawn
  2166 | D:7      | Reached skill level 12 in Unarmed Combat
  2166 | D:7      | Gained mutation: You passively map the area around you.
                  | [Meteoran growth]
  2166 | D:7      | Reached XP level 9. HP: 18/67 MP: 10/10
  2173 | D:7      | Killed a kobold demonologist
  2173 | D:7      | HP: 3/100 [kobold brigand/+0 dagger (4)]
  2175 | D:7      | HP: 1/102 [kobold brigand/+0 dagger (2)]
  2185 | D:7      | HP: 3/68 [hound (1)]
  2474 | D:7      | Reached skill level 5 in Shapeshifting
  2539 | D:8      | Reached skill level 5 in Dodging
  2543 | D:8      | Reached XP level 10. HP: 52/76 MP: 11/11
  2556 | D:8      | Found a staircase to the Lair.
  2556 | D:8      | Noticed a rime drake
  2567 | D:8      | Killed a rime drake
  2707 | D:8      | Noticed a two-headed ogre
  2714 | D:8      | Killed a two-headed ogre
  2715 | D:8      | Reached skill level 5 in Fighting
  2715 | D:8      | Reached skill level 13 in Unarmed Combat
  3117 | Lair:1   | Entered Level 1 of the Lair of Beasts
  3137 | Lair:1   | Reached **** piety under Trog
  3174 | Lair:1   | Reached XP level 11. HP: 89/89 MP: 12/12
  3316 | Lair:2   | Noticed a black mamba
  3324 | Lair:2   | Killed a black mamba
  3349 | Lair:2   | Noticed an elephant
  3349 | Lair:2   | Noticed an elephant
  3350 | Lair:2   | Noticed an elephant
  3360 | Lair:2   | Noticed an elephant
  3384 | Lair:2   | Killed an elephant
  3385 | Lair:2   | Reached skill level 14 in Unarmed Combat
  3392 | Lair:2   | Killed an elephant
  3398 | Lair:2   | Killed an elephant
  3401 | Lair:2   | Killed an elephant
  3414 | Lair:2   | Found a staircase to the Swamp.
  3415 | Lair:2   | Noticed a bog body
  3424 | Lair:2   | Killed from afar by a bog body

Illustrated notes

Levels and vault maps discovered:
D:1:      mrwooster_arrival_statue_3, layout_rooms,
          ebering_ecumenical_altar_hall
D:2:      layout_rooms
D:3:      cheibrodos_greedy_goblins, layout_basic, kennysheep_slug_shrine
D:4:      layout_basic, minmay_temple_entry_enclosed_plants,
          lightli_corner_chamber
D:5:      layout_basic, kennysheep_generic_room_12
D:6:      layout_basic, lightli_temple_of_fire, grunt_ministairs_13,
          lexackson_kobold_supper
D:7:      layout_rooms, serial_park_tiny_pond
D:8:      layout_loops_cross, hellmonk_lair_entry_icy, kennysheep_minor_cross
Lair:1:   dragon1_lemuel, layout_regular_city
Lair:2:   layout_cave_pods, skrybe_swamp_entry_bodies,
          guppyfry_snake_entry_island

Skill      XL: |  1  2  3  4  5  6  7  8  9 10 11 |
---------------+----------------------------------+-----
Unarmed Combat | 4 5 6 7 8 10 12 13 14 | 14.2
Fighting       | 4 6 7 |  7.4
Dodging        | 5 7 8 |  8.4
Shapeshifting  | 5 6 7 |  7.7

Action                     |  1- 3 |  4- 6 |  7- 9 | 10-12 || total
---------------------------+-------+-------+-------+-------++-------
  Melee: Unarmed           |    57 |   122 |   142 |   136 ||   457
         Punch             |       |     5 |    10 |    12 ||    27
 Invoke: Berserk           |     1 |       |     5 |     4 ||    10
    Use: Scroll            |       |     6 |     4 |     4 ||    14
         Potion            |       |       |     1 |     1 ||     2
 Armour: Animal skin       |     8 |       |       |       ||     8
         Scale mail        |     4 |    42 |    53 |     2 ||   101
         Skin              |       |       |    14 |     4 ||    18
         Robe              |       |       |       |    19 ||    19
  Dodge: Dodged            |    28 |    65 |   114 |    90 ||   297

Table legend: (Time is in decaauts)
 A = Elapsed time spent in this place.
 B = Non-inter-level travel time spent in this place.
 C = Inter-level travel time spent in this place.
 D = Time resting spent in this place.
 E = Time spent auto-exploring this place.
 F = Levels seen in this place.
 G = Mean time per level.
                   A        B        C        D        E       F      G
               +--------+--------+--------+--------+--------+-----+--------+
         Total |   3427 |   3336 |     91 |    324 |   1703 |  10 |  342.7 |
       Dungeon |   3120 |   3030 |     90 |    324 |   1671 |   8 |  390.0 |
          Lair |    306 |    305 |      1 |      0 |     32 |   2 |  153.0 |
               +--------+--------+--------+--------+--------+-----+--------+

Top non-repeatable levels by time:
     D:8: 630 daAuts
     D:5: 507 daAuts
     D:6: 410 daAuts
     D:4: 402 daAuts
     D:7: 389 daAuts
     D:3: 301 daAuts
     D:1: 289 daAuts
     D:2: 188 daAuts
  Lair:1: 174 daAuts
  Lair:2: 132 daAuts
